cohdb
Replays
Latest Replays
All Replays
Popular Replays
Top Player Replays
Match Explorer
How It Works
Community
CoH3 Stats
Reddit
Sign in to upload your games and track your stats! →
Sign in with Steam
Match 39894129
Unlisted
Match 39894129
Overview
Messages
Build Orders
End
Construct Infanterie Kompanie
MG 42 Machine Gun Team
Selects Terror Battlegroup
Selects Machine Gun Camouflage
MG 42 Machine Gun Team
Construct Panzergrenadier Kompanie
Panzergrenadier Squad
Panzergrenadier Squad
251 Medium Carrier
MG 42 Bunker
Support Elements
Panzergrenadier Squad
StuG III G Assault Gun
Pak 40 Anti-tank Gun Team
Pioneer Squad
MG 42 Machine Gun Team
Karl Müller
soul123dark
袅炸天
The Boogyman
victor_hartman
使命召唤
zugru90
Vadice
0
0
Comments
sign in to comment!
No comments posted yet!